 Dungeon Crawl Stone Soup version 0.21.1-1-g345015f (webtiles) character file.

70 theblackcape the Ducker (level 4, 0/21 HPs)
             Began as a Felid Monk on July 7, 2018.
             Succumbed to an adder's poison
             ... while paralysed
             ... on level 2 of the Dungeon.
             The game lasted 00:07:13 (2656 turns).

theblackcape the Ducker (Felid Monk)                Turns: 2656, Time: 00:07:14

Health: 0/21       AC:  1    Str: -2 (1)  XL:     4   Next: 4%
Magic:  5/5        EV:  4    Int: 10 (11) God:
Gold:   129        SH:  0    Dex: 16 (19) Spells: 3/3 levels left
                                        Lives:  0   Deaths: 1

rFire    . . .     SeeInvis +     - Unarmed
rCold    . . .     Gourm    .   (shield unavailable)
rNeg     . . .     Faith    .   (armour unavailable)
rPois    .         Spirit   .   (helmet unavailable)
rElec    .         Reflect  .   (cloak unavailable)
rCorr    .         Harm     .   (gloves unavailable)
MR       .....                  (boots unavailable)
Stlth    +++.......             (no amulet)
HPRegen  0.01/turn              d - -6 ring of strength (curse)
MPRegen  0.09/turn              (no ring)

@: paralysed, lethally poisoned (0 -> -9), slowed, lost strength, quick
A: very small, no armour, no weapons or thrown items, stealth, claws 1, fangs 3,
see invisible, carnivore, speed 1, shaggy fur 1, slow metabolism 1, sharp paws
a: no special abilities


You were on level 2 of the Dungeon.
You were very full.

You visited 1 branch of the dungeon, and saw 3 of its levels.

You collected 129 gold pieces.

Inventory:

Jewellery
 d - a cursed -6 ring of strength (left paw)
Scrolls
 b - 2 scrolls of identify {unknown}
 e - 3 scrolls of teleportation {unknown}
 f - 2 scrolls of magic mapping {unknown}
Potions
 c - 2 potions of degeneration
Comestibles
 a - 5 rations


   Skills:
 + Level 3.3 Fighting
 + Level 4.7 Dodging
 * Level 4.3 Stealth
 + Level 4.2 Unarmed Combat


You had 3 spell levels left.
You didn't know any spells.

Dungeon Overview and Level Annotations

Branches:
Dungeon (3/15)

Altars:
Dithmenos
Qazlal


Innate Abilities, Weirdness & Mutations

You cannot wear armour.
You are incapable of wielding weapons or throwing items.
Your paws allow you to move quietly. (Stealth)
You have sharp claws.
You have razor-sharp teeth.
You have supernaturally acute eyesight. (SInv)
You are carnivorous and can eat meat at any time.
You cover ground quickly.
You are covered in fur. (AC +1)
You have a slow metabolism.
Your sharp claws are effective at attacking unaware monsters.


Message History

Welcome back to level 4!
* * * LOW HITPOINT WARNING * * *
You feel sick. The bat completely misses you.
* * * LOW HITPOINT WARNING * * *
You feel sick.
There is a stone staircase leading up here.
* * * LOW HITPOINT WARNING * * *
You feel sick.
You climb upwards.
* * * LOW HITPOINT WARNING * * *
You feel sick.
There is a stone staircase leading down here.
There is a lethal amount of poison in your body!
It was a potion of degeneration.
There was something very wrong with that liquid.
You feel weakened.
You feel dopey.
You feel clumsy.
You feel weaker.
You have lost your strength.
Oops, that ring feels deathly cold.
d - a cursed -6 ring of strength (left paw)
You die...

.....#....####.#.........#
#.# ....(#....#
#.#.......#.# #.#
.....#....# #.#.......#.#
#.# .....#....#
#.#.......#.# #.#
.....#....# #.........#.#
#.# .....'....#
##........#(# #.#
######....# #........#.#
#.# # #....# #.......##.#
#.# # #....# #.@.....'..#
#.# # ##.#.#
###.....######.# # #.#.#
#............# # ###.#.#
#......####### #####...#.#
######.# ....#.###.#
#.###### ###.#.# #.#
#......# #.#.# #.#
######.# #.#.###.# #.#


There were no monsters in sight!

Vanquished Creatures
  A gnoll (D:1)
  5 adders
  An ooze (D:2)
  2 worms (D:2)
  2 dart slugs (D:2)
  2 leopard geckos (D:1)
  A giant cockroach (D:1)
  2 goblins
  9 hobgoblins
  5 jackals (D:1)
  4 bats (D:2)
  9 frilled lizards
  3 kobolds (D:1)
  7 rats
53 creatures vanquished.

Notes
Turn   | Place    | Note
-------+----------+-------------------------------------------
     0 | D:1      | theblackcape the Felid Monk began the quest for the Orb.
     0 | D:1      | Reached XP level 1. HP: 10/10 MP: 2/2
    83 | D:1      | Reached XP level 2. HP: 12/14 MP: 3/3
   595 | D:1      | Reached XP level 3. HP: 10/17 MP: 4/4
  1278 | D:2      | Found a stormy altar of Qazlal.
  1773 | D:2      | Reached XP level 4. HP: 14/21 MP: 5/5
  2009 | D:2      | Found a shadowy altar of Dithmenos.
  2040 | D:2      | Slain by an adder
  2041 | D:2      | Reached XP level 3. HP: -1/17 MP: 4/4
  2650 | D:3      | Reached XP level 4. HP: 5/21 MP: 5/5
  2653 | D:2      | HP: 1/21 [poisoned by an adder]
  2655 | D:2      | Lost strength.
  2656 | D:2      | Succumbed to an adder's poison

Skill      XL: |  1  2  3  4 |
---------------+-------------+-----
Stealth        | 3 4 |  4.3
Unarmed Combat | 4 |  4.2
Fighting       | |  3.3
Dodging        | |  4.7

Action                   |  1- 3 |  4- 6 || total
-------------------------+-------+-------++-------
Melee: Unarmed           |   156 |    20 ||   176
       Bite              |    13 |     1 ||    14
       Punch             |     1 |       ||     1
  Use: Potion            |       |     1 ||     1
 Stab: Sleeping          |     9 |     2 ||    11
       Distracted        |     1 |       ||     1
  Eat: Chunk             |    15 |     1 ||    16
Armor: Skin              |     3 |     4 ||     7
Dodge: Dodged            |   109 |    19 ||   128
